Unix NetHack Version 3.7.0-66 Work-in-progress - last build Dec 5 2022 03:26:57 (dbea811729ade750c4c0c7f8ab6145c62533a6e7,branch:master). Game began 2022-12-16 19:50:09, ended 2022-12-16 20:01:54. Gandelf, neutral male human Monk ############ #--------- ## --------- #|.......| ## |d......| n #|.......| ##ddd.f<....| #|.......| @--------- %#####-%......| d )|.......| --------- d @ : Gandelf the Initiate St:17 Dx:16 Co:12 In:10 Wi:13 Ch:8 Neutral S:3436 Dlvl:6 $:90 HP:0(43) Pw:34(34) AC:4 Xp:6/534 T:2543 Blind Latest messages: The soldier ant misses! You hear some noises in the distance. The golden haze around you becomes less dense. Are you sure you want to pray? [yn] (n) y You begin praying to Chih Sung-tzu. You are surrounded by a shimmering light. The soldier ant starts to attack you, but pulls back. The soldier ant starts to attack you, but pulls back. The soldier ant starts to attack you, but pulls back. You finish your prayer. You feel that Chih Sung-tzu is well-pleased. You feel much better. You hit the soldier ant! The soldier ant misses! The soldier ant stings! The soldier ant misses! The soldier ant stings! You hit the soldier ant! The soldier ant bites! The soldier ant misses! You kill the soldier ant! You hear a wolf howling at the moon. The golden haze around you disappears. You climb up the stairs. You feel full of energy. You descend the stairs. You hit the dust vortex! The dust vortex engulfs you! You can't see in here! You hit the dust vortex. You destroy the dust vortex! The werewolf bites! You hit the werewolf. The werewolf hits! You hit the werewolf. A wolf suddenly appears next to you! A warg suddenly appears next to you! A wolf suddenly appears next to you! A wolf suddenly appears close by! A wolf suddenly appears close by! Something growls! You feel hemmed in. The werewolf bites! You hit the werewolf. You hit the werewolf. The wolf bites! The warg bites! The wolf bites! You die... Do you want your possessions identified? [ynq] (y) q Inventory: Coins $ - 90 gold pieces Weapons A - 14 +0 arrows x - a cursed -1 arrow C - 8 +0 crossbow bolts B - a +0 bow D - a +0 crossbow E - 10 cursed +0 shuriken y - a +0 dagger H - a cursed -1 dagger Armor a - an uncursed +2 pair of leather gloves (being worn) I - an uncursed +1 dwarvish cloak b - an uncursed +1 robe (being worn) o - an uncursed +0 Hawaiian shirt with a ukulele motif Comestibles g - 6 uncursed apples i - 3 uncursed fortune cookies h - 4 uncursed oranges Scrolls m - 2 uncursed scrolls of enchant weapon J - a cursed scroll of enchant weapon d - an uncursed scroll of identify k - an uncursed scroll of identify q - a cursed scroll of identify n - an uncursed scroll of light z - an uncursed scroll of remove curse t - a cursed scroll of teleportation Spellbooks c - a blessed spellbook of protection Potions e - 3 uncursed potions of water p - an uncursed potion of water r - an uncursed potion of water s - an uncursed potion of water v - an uncursed potion of water Rings l - an uncursed ring of fire resistance F - a cursed ring of sustain ability Tools K - a crystal ball (0:5) j - a magic marker (0:78) G - an uncursed tin whistle Gems/Stones L - an uncursed worthless piece of green glass Gandelf the Monk's attributes: Background: You were an Initiate, a level 6 male human Monk. You were neutral, on a mission for Chih Sung-tzu who was opposed by Shan Lai Ching (lawful) and Huan Ti (chaotic). You were in the Dungeons of Doom, on level 6. You entered the dungeon 2543 turns ago. You had 534 experience points, 106 more were needed to attain level 7. Your score was 3436 before end-of-game adjustments. Basics: You had 0 out of 43 hit points. You had all 34 energy points (spell power). Your armor class was 4. Your wallet contained 90 zorkmids. Autopickup was on for '$?!+/=' plus thrown. Final Characteristics: Your strength was 17 (peak:18, limit:18/100). Your dexterity was 16 (limit:18). Your constitution was 12 (limit:18). Your intelligence was 10 (limit:18). Your wisdom was 13 (limit:18). Your charisma was 8 (limit:18). Final Status: You were temporarily blind. You were not hungry. You were unencumbered. You were empty handed. You had basic skill with martial arts. Final Attributes: You were piously aligned. You were sleep resistant. You were poison resistant. You would have seen invisible when not blind. You were telepathic. You were stealthy. You were guarded. You were fast. You are dead. Miscellaneous: You never encountered a bones level. Total elapsed playing time was 11 minutes and 45 seconds. Major events: Turn 1: Gandelf the neutral male human Monk entered the dungeon 89: attained the rank of Novice (level 3) 1784: entered the Gnomish Mines 1808: attained the rank of Initiate (level 6) 2543: killed by a wolf Vanquished creatures: 3 ghosts a giant beetle a dust vortex 2 soldier ants 2 rock piercers a pony a fog cloud 2 gnome leaders a red naga hatchling a gray ooze a floating eye a dwarf 3 rothes a rabid rat a coyote 2 hobbits 3 gnomes 2 gnome zombies 3 geckos 4 jackals 2 grid bugs 2 bats 2 lichens 2 newts 44 creatures vanquished. No species were genocided or became extinct. Voluntary challenges: You never hit with a wielded weapon. You were illiterate. You never engraved Elbereth. You never genocided any monsters. You never polymorphed an object. You never changed form. You used no wishes. Achievements: You attained the rank of Novice. You entered the Gnomish Mines. You attained the rank of Initiate. The Dungeons of Doom: levels 1 to 6 Level 1: A fountain. Level 2: A fountain. Level 3: A fountain. Level 4: Stairs down to The Gnomish Mines. Level 5: Level 6: <- You were here. Final resting place for you, killed by a wolf. The Gnomish Mines: Level 5: Game over: ---------- / \ / REST \ / IN \ / PEACE \ / \ | Gandelf | | 90 Au | | killed by a wolf | | | | | | | | 2022 | *| * * * | * _________)/\\_//(\/(/\)/\//\/|_)_______ Goodbye Gandelf the Monk... You died in The Dungeons of Doom on dungeon level 6 with 3427 points, and 90 pieces of gold, after 2543 moves. You were level 6 with a maximum of 43 hit points when you died.